 Dungeon Crawl Stone Soup version 0.28.0-47-ge53b351184 (webtiles) character file.

Game seed: 17753777461595454000

727 DearestLeader the Shield-Bearer (level 7, -14/60 HPs)
             Began as a Gnoll Fighter on Apr 26, 2022.
             Demolished by a shadow (24 damage)
             ... on level 5 of the Dungeon.
             The game lasted 00:06:13 (4143 turns).

DearestLeader the Shield-Bearer (Gnoll Fighter)     Turns: 4143, Time: 00:06:13

Health: -14/60     AC:  9    Str: 15 (18) XL:     7   Next: 72%
Magic:  11/11      EV:  9    Int:  9 (11) God:
Gold:   276        SH: 10    Dex:  9 (11) Spells: 11/11 levels left

rFire   . . .      SeeInvis .   p - +1 whip (holy)
rCold   . . .      Faith    .   c - +0 buckler
rNeg    . . .      Spirit   .   b - +0 scale mail
rPois   .          Reflect  +   (no helmet)
rElec   .          Harm     .   (no cloak)
rCorr   .          Rampage  .   h - +0 pair of gloves
Will    .....                   (no boots)
Stlth   +.........              i - amulet "Variuluchim" {Reflect Int+4 SH+5}
HPRegen 0.20/turn               (no ring)
MPRegen 0.12/turn               (no ring)

@: mighty
A: fangs 1, strong nose, distributed training
a: no special abilities


You were on level 5 of the Dungeon.
You visited 1 branch of the dungeon, and saw 5 of its levels.

You collected 276 gold pieces.

Inventory:

Hand Weapons
 a - a +0 war axe
 o - a +2 spear of flaming
 p - a +1 whip of holy wrath (weapon)
Missiles
 f - 4 poisoned darts (quivered)
 m - 46 sling bullets
 s - 5 javelins
Armour
 b - a +0 scale mail (worn)
 c - a +0 buckler (worn)
 h - a +0 pair of gloves (worn)
Jewellery
 i - the amulet "Variuluchim" (around neck) {Reflect Int+4 SH+5}
   (You found it on level 4 of the Dungeon)

   [amulet of reflection]

   It reflects blocked missile attacks.
   Int:       It affects your intelligence (+4).
   SH:        It affects your SH (+5).
Scrolls
 g - a scroll of blinking {unknown}
 k - a scroll of magic mapping {unknown}
 l - 2 scrolls of teleportation
 r - a scroll of enchant armour {unknown}
Potions
 e - a potion of degeneration
 j - 2 potions of berserk rage {unknown}
 n - a potion of brilliance {unknown}
 q - 2 potions of mutation {unknown}


   Skills:
 + Level 7.1 Fighting
 + Level 2.6 Short Blades
 + Level 2.6 Long Blades
 + Level 5.3 Axes
 + Level 2.6 Maces & Flails
 + Level 2.6 Polearms
 + Level 2.6 Staves
 + Level 2.6 Slings
 + Level 2.6 Bows
 + Level 2.6 Crossbows
 + Level 2.6 Throwing
 + Level 7.1 Armour
 + Level 2.6 Dodging
 + Level 2.6 Stealth
 + Level 7.1 Shields
 + Level 2.6 Unarmed Combat
 + Level 2.6 Spellcasting
 + Level 2.1 Conjurations
 + Level 2.1 Hexes
 + Level 2.1 Summonings
 + Level 2.1 Necromancy
 + Level 2.1 Translocations
 + Level 2.1 Transmutations
 + Level 2.1 Fire Magic
 + Level 2.1 Ice Magic
 + Level 2.1 Air Magic
 + Level 2.1 Earth Magic
 + Level 2.1 Poison Magic
 + Level 3.0 Invocations
 + Level 2.6 Evocations


You had 11 spell levels left.
You didn't know any spells.
Your spell library contained the following spells:

 Spells                   Type           Power      Damage    Failure   Level
 Corpse Rot               Necr/Air       10%        N/A       63%         2
 Poisonous Vapours        Pois/Air       10%        N/A       63%         2


Dungeon Overview and Level Annotations

Branches:
Dungeon (5/15)
 Temple: D:4-7

Altars:
Trog


Innate Abilities, Weirdness & Mutations

You have very sharp teeth.
Your uncanny sense of smell can sniff out nearby items.
Your experience applies equally to all skills.


Message History

You hit the shadow.
The shadow convulses.
The shadow is lightly damaged.
The shadow hits you.
You hit the shadow but do no damage. You bite the shadow, but do no damage.
The shadow is lightly damaged.
The shadow barely misses you.
You hit the shadow but do no damage.
The shadow is lightly damaged.
You block the shadow's attack.
You feel very mighty all of a sudden. The shadow barely misses you.
You closely miss the shadow.
The shadow is lightly damaged.
The shadow barely misses you.
You barely miss the shadow.
The shadow is lightly damaged.
You block the shadow's attack.
You closely miss the shadow.
The shadow is lightly damaged.
You block the shadow's attack.
You barely miss the shadow. You bite the shadow.
The shadow is moderately damaged.
The shadow slips into darkness.
The shadow flickers and vanishes!
Deactivating autopickup; reactivate with Ctrl-A.
You barely miss something.
The shadow strikes at you from the darkness!
* * * LOW HITPOINT WARNING * * *
Reactivating autopickup.
Unknown command.
You hit the shadow but do no damage.
The shadow is moderately damaged.
The shadow slips into darkness.
The shadow flickers and vanishes!
Deactivating autopickup; reactivate with Ctrl-A.
It was a potion of degeneration.
There was something very wrong with that liquid.
You feel weakened.
You feel dopey.
You feel clumsy.
The shadow strikes at you from the darkness!
You die...

#...# #.....#...#...#####...#
#...###...(.#...#...#...#...#
#...'........#.###.#.....#.##
#...########.##...###...###..
###...#### #.#.....#.###.#...
#........# #..#...#...#...#).
#........# #..#####...#...###
#........# #..#...#...#...#..
###........#
#@#.....#.###.#...
...........#
#{##...###...###..
#.#.#......#
#.).###.........##
.......#####
#'#.....####..)... #.#.#..#
#...........##...... .......#
#...........##.....> #.#.#..#
#...........##...... .......#
#...........##)####. .......#
#...........##)# .


There were no monsters in sight!

Vanquished Creatures
  An ice beast (D:5)
  A necrophage (D:4)
  An ogre (D:5)
  2 scorpions (D:4)
  A hound (D:4)
  An iguana (D:3)
  An orc wizard (D:4)
  A hound zombie (D:5)
  2 hound skeletons (D:4)
  A howler monkey zombie (D:4)
  6 gnolls
  5 adders
  An adder skeleton (D:4)
  3 worms
  7 dart slugs
  3 orcs (D:4)
  5 endoplasms
  2 giant cockroaches (D:2)
  4 goblins
  7 hobgoblins
  9 jackals
  9 kobolds
  2 quokkas
  4 ball pythons
  7 bats
  5 frilled lizards
  A quokka skeleton (D:2)
  10 rats
102 creatures vanquished.

Notes
Turn   | Place    | Note
-------+----------+-------------------------------------------
     0 | D:1      | DearestLeader the Gnoll Fighter began the quest for the
                  | Orb.
     0 | D:1      | Reached XP level 1. HP: 23/23 MP: 1/1
   170 | D:1      | Reached XP level 2. HP: 26/29 MP: 2/2
   919 | D:2      | Reached XP level 3. HP: 32/35 MP: 3/3
  1018 | D:2      | Reached skill level 1 in Invocations
  1048 | D:2      | Reached skill level 1 in Short Blades
  1048 | D:2      | Reached skill level 1 in Long Blades
  1048 | D:2      | Reached skill level 1 in Maces & Flails
  1048 | D:2      | Reached skill level 1 in Polearms
  1048 | D:2      | Reached skill level 1 in Staves
  1048 | D:2      | Reached skill level 1 in Slings
  1048 | D:2      | Reached skill level 1 in Bows
  1048 | D:2      | Reached skill level 1 in Crossbows
  1048 | D:2      | Reached skill level 1 in Throwing
  1048 | D:2      | Reached skill level 1 in Dodging
  1048 | D:2      | Reached skill level 1 in Stealth
  1048 | D:2      | Reached skill level 1 in Unarmed Combat
  1048 | D:2      | Reached skill level 1 in Spellcasting
  1048 | D:2      | Reached skill level 1 in Evocations
  1097 | D:2      | Reached XP level 4. HP: 37/41 MP: 5/5
  1712 | D:2      | Found a faded altar of an unknown god.
  1938 | D:3      | Reached skill level 1 in Conjurations
  1938 | D:3      | Reached skill level 1 in Hexes
  1938 | D:3      | Reached skill level 1 in Summonings
  1938 | D:3      | Reached skill level 1 in Necromancy
  1938 | D:3      | Reached skill level 1 in Translocations
  1938 | D:3      | Reached skill level 1 in Transmutations
  1938 | D:3      | Reached skill level 1 in Fire Magic
  1938 | D:3      | Reached skill level 1 in Ice Magic
  1938 | D:3      | Reached skill level 1 in Air Magic
  1938 | D:3      | Reached skill level 1 in Earth Magic
  1938 | D:3      | Reached skill level 1 in Poison Magic
  2310 | D:3      | Reached XP level 5. HP: 41/47 MP: 6/6
  2844 | D:4      | Identified the amulet "Variuluchim" {Reflect Int+4 SH+5}
  2854 | D:4      | Reached XP level 6. HP: 45/53 MP: 8/8
  2856 | D:4      | Reached skill level 5 in Axes
  3058 | D:4      | Found a bloodstained altar of Trog.
  3061 | D:4      | Noticed a necrophage
  3101 | D:4      | Killed a necrophage
  3102 | D:4      | Reached XP level 7. HP: 43/59 MP: 10/10
  3507 | D:5      | Entered Level 5 of the Dungeon
  4119 | D:5      | Noticed a shadow
  4143 | D:5      | Demolished by a shadow

Illustrated notes

Levels and vault maps discovered:
D:1:      evilmike_arrival_rings, layout_basic, minmay_tetromino_l2
D:2:      minmay_general_purpose_star, layout_basic,
          dilly_ecumenical_altar_fadedgnrine, minmay_misc_feat_room
D:3:      layout_basic, minmay_checkerbox
D:4:      layout_rooms, lemuel_crystal_altar, hangedman_glass_teeth
D:5:      nicolae_cairo_tiling, layout_basic, serial_glass, glass_columns_a,
          glass_columns_b, glass_columns_c, glass_columns_c, glass_columns_b,
          glass_columns_b

Skill      XL: |  1  2  3  4  5  6  7 |
---------------+----------------------+-----
Invocations    | 1 2 3 |  3.0
Short Blades   | 1 2 |  2.6
Long Blades    | 1 2 |  2.6
Maces & Flails | 1 2 |  2.6
Polearms       | 1 2 |  2.6
Staves         | 1 2 |  2.6
Slings         | 1 2 |  2.6
Bows           | 1 2 |  2.6
Crossbows      | 1 2 |  2.6
Throwing       | 1 2 |  2.6
Dodging        | 1 2 |  2.6
Stealth        | 1 2 |  2.6
Unarmed Combat | 1 2 |  2.6
Spellcasting   | 1 2 |  2.6
Evocations     | 1 2 |  2.6
Conjurations   | 1 2 |  2.1
Hexes          | 1 2 |  2.1
Summonings     | 1 2 |  2.1
Necromancy     | 1 2 |  2.1
Translocations | 1 2 |  2.1
Transmutations | 1 2 |  2.1
Fire Magic     | 1 2 |  2.1
Ice Magic      | 1 2 |  2.1
Air Magic      | 1 2 |  2.1
Earth Magic    | 1 2 |  2.1
Poison Magic   | 1 2 |  2.1
Axes           | 5 |  5.3
Fighting       | 7 |  7.1
Armour         | 7 |  7.1
Shields        | 7 |  7.1

Action                   |  1- 3 |  4- 6 |  7- 9 || total
-------------------------+-------+-------+-------++-------
Melee: War axe           |    76 |    30 |       ||   106
       Bite              |     4 |     7 |    10 ||    21
       Mace              |       |    19 |       ||    19
       Spear             |       |    91 |    51 ||   142
       Whip              |       |     5 |    27 ||    32
  Use: Scroll            |       |     6 |       ||     6
       Potion            |       |       |     2 ||     2
Armor: Scale mail        |    35 |    51 |    14 ||   100
Dodge: Dodged            |    42 |    70 |    19 ||   131
Block: Buckler           |    30 |    37 |    28 ||    95
       Reflection        |       |     1 |     1 ||     2
